 Dungeon Crawl Stone Soup version 0.30.1-11-g7821555f0a (webtiles) character file.

Game seed: 3063826171304814731

1621 lonewolfV2 the Ducker (level 8, -1/58 HPs)
             Began as a Demonspawn Fighter on Oct 30, 2023.
             Slain by a kobold brigand
             ... wielding a +0 whip
              (4 damage)
             ... on level 6 of the Dungeon.
             The game lasted 00:08:17 (4427 turns).

lonewolfV2 the Ducker (Demonspawn Fighter)          Turns: 4427, Time: 00:08:18

Health: -1/58      AC: -21   Str: 18    XL:     8   Next: 64%
Magic:  8/8        EV: 12    Int:  9    God:
Gold:   283        SH:  6    Dex: 16    Spells: 7/7 levels left

rFire   . . .        a - +1 war axe
rCold   + . .        c - +0 buckler
rNeg    . . .        b - +0 scale mail
rPois   .            (no helmet)
rElec   .            (no cloak)
rCorr   .            (no gloves)
SInv    .            v - +2 pair of boots
Will    .....        (no amulet)
Stlth   +            o - ring of protection from cold
HPRegen 0.29/turn    w - +4 ring of protection
MPRegen 0.11/turn

%: no passive effects
@: mighty, corroded
A: thin skeletal structure 1, foul stench 1, demonic magic 1
a: no special abilities


You were on level 6 of the Dungeon.
You visited 2 branches of the dungeon, and saw 7 of its levels.

You collected 283 gold pieces.

Inventory:

Hand Weapons
 a - a +1 war axe (weapon)
Armour
 b - a +0 scale mail (worn)
 c - a +0 buckler (worn)
 v - a +2 pair of boots (worn)
Jewellery
 n - a ring of magical power
 o - a ring of protection from cold (left hand)
 w - a +4 ring of protection (right hand)
Wands
 p - a wand of mindburst (20)
 x - a wand of roots (7)
Scrolls
 e - a scroll of identify
 i - a scroll of blinking
 k - a scroll of immolation
 l - a scroll of teleportation
 q - a scroll of magic mapping
Potions
 f - 3 potions of haste
 j - 2 potions of invisibility
 m - 2 potions of ambrosia {unknown}
 s - 2 potions of magic {unknown}
 t - 2 potions of attraction


   Skills:
 - Level 3.0 Fighting
 - Level 1.7 Axes
 + Level 6.1 Armour
 + Level 6.1 Dodging
 + Level 6.1 Shields


You had 7 spell levels left.
You didn't know any spells.
Your spell library contained the following spells:

 Spells                   Type           Power      Damage    Failure   Level
 Magic Dart               Conj           0%         1d3       82%         1
 Blink                    Tloc           0%         N/A       91%         2
 Call Imp                 Summ           0%         N/A       91%         2
 Lesser Beckoning         Tloc           0%         N/A       91%         2
 Momentum Strike          Conj/Tloc      0%         3d8       91%         2
 Inner Flame              Hex/Fire       0%         N/A       99%         3
 Mephitic Cloud           Conj/Pois/Air  0%         N/A       99%         3
 Flame Wave               Conj/Fire      0%         2d4       100%        4
 Sticky Flame             Conj/Fire      0%         2d3       100%        4
 Alistair's Intoxication  Tmut/Pois      0%         N/A       100%        5
 Borgnjor's Vile Clutch   Necr/Erth      0%         N/A       100%        5
 Eringya's Noxious Bog    Tmut/Pois      0%         N/A       100%        6


Dungeon Overview and Level Annotations

Branches:
Dungeon (6/15)             Temple (1/1) D:5

Altars:
Ashenzari
Dithmenos
Gozag
Hepliaklqana
Kikubaaqudgha
Makhleb
Nemelex Xobeh
Ru
Sif Muna
Trog
Uskayaw
Vehumet
Wu Jian
Xom
Yredelemnul


Innate Abilities, Weirdness & Mutations

You have a somewhat thin skeletal structure. (Dex +2, Stealth+)
You may rarely emit foul miasma when damaged in melee.
Spells you cast may paralyse adjacent enemies.


Message History

The rust devil hits you!
* * * LOW HITPOINT WARNING * * *
The rust devil corrodes you!
Aiming: Fastroot
Press: ? - help, Q - select action, (/) - cycle Shift-Dir - straight line, f - you The roots erupt in riotous growth!
Roots grab the kobold demonologist.
Roots grab the rust devil.
The grasping roots constrict the kobold demonologist.
The grasping roots constrict the rust devil.
The roots lose their grip on the rust devil.
The rust devil disappears in a puff of smoke!
The kobold demonologist closely misses you.
You hit the kobold demonologist but do no damage.
The kobold demonologist is almost dead.
The grasping roots constrict the kobold demonologist!
You kill the kobold demonologist!
The kobold brigand hits you with a +0 dagger.
* * * LOW HITPOINT WARNING * * *
Your Armour skill increases to level 6!
Your Dodging skill increases to level 6!
Your Shields skill increases to level 6!
Unknown command.
You fade into invisibility!
You block the kobold brigand's attack.
The kobold brigand throws a poisoned dart.
The poisoned dart hits the kobold brigand!
The kobold brigand is poisoned.
The kobold brigand throws a poisoned dart.
The poisoned dart hits the kobold brigand!
The kobold brigand looks even sicker.
The kobold brigand dies!
You flicker for a moment.
You flicker back into view.
You feel very mighty all of a sudden.
The kobold brigand hits you with a +0 whip.
* * * LOW HITPOINT WARNING * * *
You completely miss the kobold brigand.
The kobold brigand hits you with a +0 whip.
You die...

..K###########
...K.KKKK..K.#
..K#########.# #K#
#K## #.K# ##K# #K#
#@# # ##.## #
#######...## #
#.......#..# ######
#.#####....# #....#
#.# ##.#.# #.##.#
#.# #.#.# #.##.##
#.# #.#.#
.....[###.######.#..


You could see 3 kobold brigands and 3 kobolds.

Vanquished Creatures
  A kobold demonologist (D:6)
  2 black bears
  2 ogres
  4 phantoms (D:4)
  A bullfrog (D:6)
  2 scorpions (D:6)
  2 hounds (D:5)
  2 orc priests
  2 iguanas
  An orc wizard (D:4)
  Robin (D:3)
  8 gnolls
  5 adders
  An ufetubus (D:5)
  3 worms (D:2)
  3 dart slugs
  14 orcs
  6 ball pythons
  7 endoplasms
  6 giant cockroaches
  19 goblins
  10 hobgoblins
  5 jackals
  3 quokkas
  4 bats
  2 frilled lizards (D:1)
  8 kobolds
  7 rats
131 creatures vanquished.

Vanquished Creatures (others)
  A kobold brigand (D:6)
1 creature vanquished.

Grand Total: 132 creatures vanquished

Notes
Turn   | Place    | Note
-------+----------+-------------------------------------------
     0 | D:1      | lonewolfV2 the Demonspawn Fighter began the quest for the
                  | Orb.
     0 | D:1      | Reached XP level 1. HP: 18/18 MP: 1/1
   173 | D:1      | Reached skill level 1 in Dodging
   173 | D:1      | Gained mutation: You have a somewhat thin skeletal
                  | structure. (Dex +2, Stealth+) [demonic ancestry]
   173 | D:1      | Reached XP level 2. HP: 21/24 MP: 2/2
   381 | D:1      | Reached XP level 3. HP: 24/29 MP: 3/3
   837 | D:2      | HP: 1/29 [worm (5)]
  1053 | D:2      | Gained mutation: Spells you cast may paralyse adjacent
                  | enemies. [demonic ancestry]
  1053 | D:2      | Reached XP level 4. HP: 35/35 MP: 4/4
  1380 | D:2      | Found a shimmering altar of Xom.
  1572 | D:3      | Reached XP level 5. HP: 37/41 MP: 5/5
  1760 | D:3      | Found a sacrificial altar of Ru.
  1915 | D:3      | Noticed Robin
  1943 | D:3      | Killed Robin
  2209 | D:4      | Noticed a phantom
  2230 | D:4      | Killed a phantom
  2231 | D:4      | Reached XP level 6. HP: 37/47 MP: 6/6
  2355 | D:4      | Reached XP level 7. HP: 34/52 MP: 7/7
  2734 | D:5      | Entered Level 5 of the Dungeon
  3165 | D:5      | Reached skill level 5 in Dodging
  3165 | D:5      | Reached skill level 5 in Shields
  3255 | D:5      | Found a staircase to the Ecumenical Temple.
  3294 | Temple   | Entered the Ecumenical Temple
  3525 | D:5      | Reached skill level 5 in Armour
  3972 | D:6      | Gained mutation: You may rarely emit foul miasma when
                  | damaged in melee. [demonic ancestry]
  3972 | D:6      | Reached XP level 8. HP: 48/58 MP: 8/8
  4370 | D:6      | Noticed a kobold demonologist
  4393 | D:6      | Noticed a rust devil
  4409 | D:6      | Killed a kobold demonologist
  4427 | D:6      | Slain by a kobold brigand

Illustrated notes

Levels and vault maps discovered:
D:1:      heliophobic_arrival_dark_side_of_the_moon, layout_basic
D:2:      layout_basic, basic_altar, minmay_misc_feat_enclosed
D:3:      layout_rooms, nicolae_ru_the_path_less_chosen, uniq_robin
D:4:      layout_rooms
D:5:      layout_rooms, dreamdust_divine_triumvirate, minmay_temple_entry_ruins
D:6:      layout_loops_ring
Temple:   nicolae_temple_superstar

Skill      XL: |  1  2  3  4  5  6  7  8 |
---------------+-------------------------+-----
Dodging        | 1 2 3 4 5 6 |  6.1
Shields        | 3 4 5 6 |  6.1
Armour         | 3 4 5 6 |  6.1
Fighting       | |  3.0
Axes           | |  1.7

Action                     |  1- 3 |  4- 6 |  7- 9 || total
---------------------------+-------+-------+-------++-------
  Melee: War axe           |   107 |   201 |   159 ||   467
  Evoke: Wand              |       |       |     1 ||     1
    Use: Scroll            |     6 |     7 |     3 ||    16
         Potion            |     1 |     1 |     6 ||     8
 Armour: Scale mail        |    56 |   153 |    97 ||   306
  Dodge: Dodged            |    51 |   152 |   131 ||   334
  Block: Buckler           |    27 |    64 |    76 ||   167
